Map: Dusk Towers

Players

SuperVegeta

  • Race: Protoss Protoss
  • League: Master

LilDicky - Winner!

  • Race: Terran Terran
  • League: Diamond

VOD

http://www.twitch.tv/tumescentpie

Description

Time

  • Played on: Jan. 2, 2016, 3:43 p.m.
  • Length: 5:20
Show
View Real Time Build Order
Export as new Build Order

SuperVegeta Protoss 

Build Orders: Oracle Opening 

Get SALT Encoding   

  12  0:01  Probe (Chrono Boost)  
  13  0:11  Probe (Chrono Boost)  
  14  0:19  Pylon  
  14  0:23  Probe (Chrono Boost)  
  15  0:33  Assimilator  
  15  0:39  Gateway  
  15  0:43  Probe (Chrono Boost)  
  16  0:54  Assimilator  
  17  0:57  Probe (Chrono Boost)  
  17  1:07  Probe (Chrono Boost)  
  17  1:10  Gateway  
  18  1:22  Probe (Chrono Boost)  
  19  1:28  Cybernetics Core  
  20  1:33  Probe (Chrono Boost)  
  20  1:41  Pylon  
  20  1:49  Probe (Chrono Boost)  
  22  2:05  Mothership Core (Chrono Boost)  
  22  2:07  Stargate  
  23  2:19  Stalker  
  23  2:21  Stalker  
  27  2:33  Pylon  
  27  2:54  Oracle (Chrono Boost)  
  27  2:58  Stalker  
  27  3:54  Probe  
  28  4:04  Nexus  
  28  4:06  Probe  
  28  4:07  Robotics Facility  
  29  4:18  Probe  
  30  4:30  Probe  
Show
View Real Time Build Order
Export as new Build Order

LilDicky Terran - Winner!

Build Orders:  

Get SALT Encoding   

  12  0:01  SCV  
  13  0:13  SCV  
  14  0:17  Supply Depot  
  14  0:25  SCV  
  15  0:30  Refinery  
  15  0:39  SCV  
  16  0:45  Barracks  
  16  0:55  SCV  
  17  1:07  SCV  
  18  1:19  SCV  
  19  1:31  Marine  
  21  1:33  Supply Depot  
  21  1:35  Orbital Command  
  20  1:40  Factory  
  20  1:49  Marine  
  21  2:00  Barracks  
  21  2:02  Barracks  
  21  2:04  SCV  
  22  2:11  Barracks Tech Lab  
  22  2:13  Barracks Reactor  
  22  2:15  Refinery  
  22  2:28  SCV  
  23  2:38  Widow Mine  
  23  2:40  SCV  
  26  2:45  Supply Depot  
  26  2:51  Barracks Tech Lab  
  26  2:52  SCV, Barracks Tech Lab, Marine x2  
  28  3:04  SCV  
  29  3:09  Supply Depot  
  29  3:19  Marine  
  34  3:20  Marauder  
  34  3:22  Combat Shields  
  34  3:23  Marine x2  
  34  3:28  SCV  
  35  3:37  Marine  
  35  3:40  Marine  
  35  3:41  Marine  
  34  3:48  Marine  
  34  3:50  SCV  
  34  3:55  Marine  
  36  3:59  Marauder  
  38  4:07  Starport  
  38  4:18  Marauder  
  38  4:20  Marauder  
  42  4:32  Supply Depot  
  42  4:38  SCV  
  43  4:43  Marine x3  
  43  4:44  Marine  
  47  5:06  Supply Depot  
Tags
 
Add a new tag
Caveats
  • Supply blocks, unpowered buildings, or Contaminate may cause inaccurate times.
  • Supply counts are checked every 10 seconds.